 Dungeon Crawl Stone Soup version 0.21-a0-113-g6841d05 (webtiles) character file.

154 Ordine the Sneak (level 5, -3/30 HPs)
             Began as a Tengu Wizard on July 12, 2017.
             Killed from afar by an orc wizard (7 damage)
             ... with a puff of frost
             ... on level 2 of the Dungeon.
             The game lasted 00:06:09 (2899 turns).

Ordine the Sneak (Tengu Wizard)                     Turns: 2899, Time: 00:06:10

Health: -3/30      AC:  2    Str:  7 (8)  XL:     5   Next: 35%
Magic:  17/19      EV: 19    Int: 16 (19) God:
Gold:   177        SH:  0    Dex: 16 (17) Spells: 7/10 levels left

rFire    . . .     SeeInvis .   i - +0 falchion
rCold    . . .     Gourm    .   (no shield)
rNeg     . . .     Faith    .   a - +0 robe
rPois    .         Spirit   .   b - +0 hat
rElec    .         Reflect  .   (no cloak)
rCorr    .         Harm     .   (no gloves)
MR       .....                  (boots unavailable)
Stlth    +++.......             (no amulet)
HPRegen  0.10/turn              f - ring of magical power
MPRegen  0.16/turn              (no ring)

@: agile, hasted, very quick
A: beak, talons 3, able to fly 1
a: Fly


You were on level 2 of the Dungeon.
You were hungry.

You visited 1 branch of the dungeon, and saw 3 of its levels.

You collected 177 gold pieces.

Inventory:

Hand Weapons
 i - a +0 falchion (weapon)
Armour
 a - a +0 robe (worn)
 b - a +0 hat (worn)
 r - a +0 leather armour
Magical Staves
 o - an uncursed staff of earth {unknown}
Jewellery
 e - an uncursed amulet of guardian spirit {unknown}
 f - a ring of magical power (left hand)
Scrolls
 k - a scroll of enchant weapon
Potions
 l - a potion of flight
Books
 c - a book of Minor Magic

   Spells                             Type                      Level
   a - Magic Dart                     Conjuration                  1
   b - Blink                          Translocation                2
   c - Call Imp                       Summoning                    2
   d - Slow                           Hexes                        2
   e - Conjure Flame                  Conjuration/Fire             3
   f - Mephitic Cloud                 Conjuration/Poison/Air       3
Comestibles
 d - 4 bread rations
 h - a meat ration


   Skills:
 + Level 1.8 Fighting
 * Level 1.4 Long Blades
 + Level 3.2 Dodging
 + Level 3.2 Stealth
 - Level 3.0 Spellcasting
 + Level 2.9 Conjurations
   Level 1.2 Summonings
 + Level 1.4 Translocations


You had 7 spell levels left.
You knew the following spells:

 Your Spells              Type           Power        Failure   Level  Hunger
a - Magic Dart            Conj           ##..         5%          1    #......
b - Blink                 Tloc           N/A          16%         2    ##.....


Dungeon Overview and Level Annotations

Branches:
Dungeon (3/15)

Altars:
Yredelemnul

Annotations:
D:2 1 runed door


Innate Abilities, Weirdness & Mutations

You have a beak for a mouth.
You have claws for feet.
You can fly.


Message History

You feel weakened.
You feel dopey.
You feel clumsy. The orc wizard misses you.
It was a potion of haste.
You feel yourself speed up.
You feel less confused. The orc wizard barely misses you.
The orc wizard completely misses you.
You riposte.
You miss the orc wizard. You peck the orc wizard.
The orc wizard is moderately wounded.
It was a potion of agility.
You feel agile all of a sudden. The orc wizard misses you.
Casting: Magic Dart
Confirm with . or Enter, or press ? or * to list all spells.
Aiming: Magic Dart
Press: ? - help, Shift-Dir - straight line, f - orc wizard
Aim: an orc wizard, wielding a dagger and wearing a robe (moderately wounded, fast)
The magic dart hits the orc wizard.
The orc wizard is heavily wounded.
The orc wizard gestures at you while chanting.
The puff of frost hits you!
You die...

##........###.# ####..# #.
##.....#.###.# #.....#####.
###....<.....## #.###.......
#....##.##....## #.# #######.
#.#.......#....## #.# #.
#.##...#.###..#.###.#########.
#.###...## ##......#..........
#.# #.##.###).#.###.###.......
#.###.###.#..@..###.# #.####.#
#.............o#.##.# #.# #...
#####....#.#..###.#.# #.# #..#
####.....## ##..# #.# #..#
#.#.#.)###.#####.###...
#.......#.........##.##
#####....#######.......
#.##.########.##..#
#.##........#.##..#


You could see an orc wizard.

Vanquished Creatures
  The ghost of dricus the Sneak, a weakling SpEn (D:3)
  3 gnolls
  2 adders (D:2)
  An ooze (D:3)
  2 dart slugs (D:2)
  4 leopard geckos
  5 orcs (D:3)
  4 giant cockroaches
  5 goblins
  8 hobgoblins
  2 jackals
  A quokka (D:2)
  4 bats
  4 frilled lizards
  A jackal skeleton (D:2)
  4 kobolds
  13 rats
64 creatures vanquished.

Notes
Turn   | Place    | Note
-------+----------+-------------------------------------------
     0 | D:1      | Ordine the Tengu Wizard began the quest for the Orb.
     0 | D:1      | Reached XP level 1. HP: 10/10 MP: 5/5
   220 | D:1      | Reached XP level 2. HP: 16/16 MP: 6/7
   224 | D:1      | Learned a level 2 spell: Blink
   589 | D:1      | Reached skill level 1 in Translocations
   979 | D:2      | Reached skill level 1 in Fighting
   979 | D:2      | Reached XP level 3. HP: 17/20 MP: 8/8
  1303 | D:2      | Found a faded altar of an unknown god.
  1451 | D:2      | Found a runed door.
  1451 | D:2      | Noticed a human
  1459 | D:2      | Found a basalt altar of Yredelemnul.
  1679 | D:2      | Reached XP level 4. HP: 25/25 MP: 9/9
  1971 | D:3      | Noticed dricus's ghost (weakling SpEn)
  1979 | D:3      | Killed dricus's ghost
  2076 | D:3      | Gained mutation: You can fly. [Tengu growth]
  2076 | D:3      | Reached XP level 5. HP: 29/29 MP: 8/10
  2148 | D:2      | Reached skill level 1 in Long Blades
  2481 | D:3      | HP: 1/30 [gnoll/halberd (11)]
  2899 | D:2      | Killed from afar by an orc wizard

Vault maps used:
D:1:      nagdon_arrival_zigzag_paths
D:2:      chequers_ecumenical_altar_simple, dk_yredelemnul_ordeal
D:3:      first_bread

Skill      XL: |  1  2  3  4  5 |
---------------+----------------+-----
Translocations | 1 |  1.4
Conjurations   | 2 |  2.9
Fighting       | 1 |  1.8
Stealth        | 3 |  3.2
Dodging        | 3 |  3.2
Long Blades    | 1 |  1.4
Spellcasting   | |  3.0
Summonings     | |  1.2

Action                   |  1- 3 |  4- 6 || total
-------------------------+-------+-------++-------
Melee: Kick              |       |     3 ||     3
       Peck              |       |     1 ||     1
 Cast: Magic Dart        |   105 |    99 ||   204
  Use: Scroll            |     8 |     1 ||     9
       Potion            |       |     5 ||     5
  Eat: Chunk             |     2 |     3 ||     5
Armor: Robe              |     5 |     4 ||     9
Dodge: Dodged            |    17 |    36 ||    53
       Rpst.: Falchion   |       |    13 ||    13
